 Dungeon Crawl Stone Soup version 0.15-b1-119-g7994516 (webtiles) character file.

1553117 Wintastic the Conqueror (level 27, 252/273 HPs)
             Began as a Minotaur Fighter on Aug 24, 2014.
             Was a High Priest of Okawaru.
             Escaped with the Orb
             ... and 3 runes on Aug 25, 2014!
             The game lasted 06:53:58 (97588 turns).

Wintastic the Conqueror (Minotaur Fighter)         Turns: 97588, Time: 06:53:58

HP 252/273       AC 47     Str 39      XL: 27
MP  36/36        EV 15     Int  5      God: Okawaru [*****.]
Gold 2036        SH  0     Dex 12      Spells:  0 memorised, 26 levels left

rFire  + + +     SeeInvis +     b - +7 great mace of Autumn {flame, rF++}
rCold  + + +     Rnd*Rage +     V - +5 gold dragon armour
rNeg   + . .     rCorr    +     (no shield)
rPois  +         rRot     .     S - +2 hat {Spirit}
rElec  +         Spirit   +     I - +4 dragonskin cloak
SustAb .         Warding  .     E - +2 pair of gloves {Str+3}
rMut   +         Stasis   .     l - +4 pair of boots of Fedhas' Favour {rElec rC+ Str+4 Curse}
Gourm  .                        Y - amulet of resist mutation
MR     +++..                    s - ring of Shadows {Umbra +Inv rN+ SInv}
                                T - ring of protection from magic

@: wreathed by umbra, extremely resistant to hostile enchantments, extremely
unstealthy
A: retaliatory headbutt, horns 2, berserk 1, low mp 1
a: Heroism, Finesse, Renounce Religion, Evoke Invisibility
0: Orb of Zot
}: 3/15 runes: serpentine, barnacled, silver


You escaped.
You worshipped Okawaru.
Okawaru was extremely pleased with you.
You were not hungry.

You visited 12 branches of the dungeon, and saw 59 of its levels.
You also visited: Trove, Sewer, Ossuary and Ice Cave.

You collected 9501 gold pieces.
You spent 7465 gold pieces at shops.

Inventory:

Hand weapons
 b - the +7 great mace of Autumn (weapon) {flame, rF++}
   (Okawaru gifted it to you on level 3 of the Lair of Beasts)

   It emits flame when wielded, causing extra injury to most foes and up to
   double damage against particularly susceptible opponents.
   It greatly protects you from fire.
 m - the +1 dire flail "Hodghill" {vamp, rF+ rN+ Stlth-, unknown}
   (Okawaru gifted it to you on level 5 of the Realm of Zot)

   It inflicts no extra harm, but heals its wielder somewhat when it strikes a
   living foe.
   It protects you from fire.
   It protects you from negative energy.
   It makes you less stealthy.
Armour
 c - a +2 cloak
 l - the +4 pair of boots of Fedhas' Favour (worn) {rElec rC+ Str+4 Curse}
   (You bought it in a shop on level 4 of the Orcish Mines)

   It affects your strength (+4).
   It protects you from cold.
   It insulates you from electricity.
   It may recurse itself when equipped.
 E - a +2 pair of gloves of strength (worn)
 I - the +4 dragonskin cloak (worn)
   (You took it off Tiamat on level 2 of the Realm of Zot)
 S - a +2 hat of spirit shield (worn)
 V - a +5 gold dragon armour (worn)
Magical devices
 i - a wand of disintegration (6)
 B - a wand of digging (7)
 J - a wand of teleportation (6)
 U - a wand of heal wounds (4)
Comestibles
 d - 4 bread rations
 x - 2 meat rations
 M - 4 beef jerkies
Scrolls
 f - 2 scrolls of fear
 g - 4 scrolls of blinking
 h - a scroll of summoning
 p - 2 scrolls of holy word
 t - 25 scrolls of identify
 w - 7 scrolls of magic mapping
 y - 20 scrolls of remove curse
 C - 9 scrolls of teleportation
 K - 3 scrolls of fog
 O - 10 scrolls of recharging
 P - a scroll of silence {!r}
Jewellery
 e - an uncursed amulet of warding
 q - the ring "Vebouf" {rF++ MR+}
   (You bought it in a shop on level 5 of the Vaults)

   [ring of protection from magic]

   It greatly protects you from fire.
   It affects your resistance to hostile enchantments.
 s - the ring of Shadows (right hand) {Umbra +Inv rN+ SInv}
   (You bought it in a shop on level 5 of the Vaults)

   [ring of invisibility]

   It protects you from negative energy.
   It enhances your eyesight.
   It lets you turn invisible.
 u - a +4 ring of slaying
 T - a ring of protection from magic (left hand)
 Y - an amulet of resist mutation (around neck)
Potions
 k - 5 potions of agility
 n - 3 potions of heal wounds
 o - 16 potions of curing
 r - 7 potions of restore abilities
 v - 5 potions of cancellation
 A - 3 potions of haste
 H - 3 potions of might
 N - 2 potions of magic
 Q - a potion of porridge
 X - 5 potions of resistance
Miscellaneous
 a - a fan of gales
 R - a lamp of fire
Rods
 j - a +3 rod of destruction (12/12) {!a}
   (You found it in a treasure trove)
 z - a +4 rod of shadows (9/9) {!a}
   (You found it in a treasure trove)
 D - a +7 rod of ignition (13/13) {!a}
   (You found it in a treasure trove)


   Skills:
 O Level 27 Fighting
 - Level 22.0 Maces & Flails
 - Level 5.1 Throwing
 - Level 22.0 Armour
 - Level 22.0 Dodging
 + Level 21.0 Stealth
   Level 3.6 Shields
 - Level 10.0 Invocations
 - Level 22.0 Evocations


You had 26 spell levels left.
You didn't know any spells.

Dungeon Overview and Level Annotations

Branches:
Dungeon (15/15)            Temple (1/1) D:6             Orc (4/4) D:9
    Elf (2/3) Orc:3          Lair (8/8) D:8          Shoals (5/5) Lair:3
  Snake (5/5) Lair:5        Slime (0/6) Lair:6       Vaults (5/5) D:14
  Crypt (3/3) Vaults:2       Tomb (1/3) Crypt:3      Depths (5/5) D:15
    Zot (5/5) Depths:5

Altars:
Ashenzari
Cheibriados
Dithmenos
Elyvilon
Fedhas
Makhleb
Nemelex Xobeh
Okawaru
Qazlal
Sif Muna
Trog
Vehumet
Xom
Yredelemnul
The Shining One
Beogh
Jiyva
Lugonu

Shops:
Orc:2 [   Orc:4 :([*   Elf:1 !   Elf:2 (   Shoals:1 ![   Shoals:4 [   Snake:5 (
Vaults:1 *   Vaults:3 ?   Vaults:4 :   Vaults:5 ==!:=?%!   Depths:1 [
Depths:3 !   Depths:4 [[?

Portals:
Hell: Depths:1 Depths:2 Depths:3 Depths:4 Depths:5
Abyss: Depths:1 Depths:3 Depths:4
Pandemonium: Depths:3
Ziggurat: Depths:4


Innate Abilities, Weirdness & Mutations

You reflexively headbutt those who attack you in melee.
You have a pair of horns on your head.
You tend to lose your temper in combat.
Your magical capacity is low (-10% MP).


Message History

The hellwing hits you but does no damage.
The hellwing closely misses you.
You see here a stone.
The smoke demon gestures at you. Something smites you!
You see here a stone.
The hellwing gestures at you. You resist with almost no effort.
You hear a grinding noise.
A shadow demon comes into view.
The hellwing gestures at you. You resist with almost no effort.
You see here a spear.
Evoke which item? (* to show all) (? for menu, Esc to quit)
Zapping:
B - a wand of digging (8)
Press: ? - help, Shift-Dir - straight line The rock shatters into small pieces.
This wand has 7 charges left.
The shadow demon gestures.
There is a staircase leading out of the dungeon here.
You have escaped!

..#### #.# #.#.......#.### ..###
#.# #.#.####.##.### ....#####.##
#.#..........## .#..##.(...#
#.#............
.#...##############.#...........#
.#.......§......##...............
.#.....≈§§§≈.....####.......#.#.#
......≈≈≈§§≈≈.........2.4.....#.#
#.....≈≈$>§§§...@######4......#.#
##....§≈§§≈§§....# #.......#.#
#.....§§≈≈≈....(# #.......#.#
##....§§§.......## #....2..#.#
##...############ #.#.#.#....
....### #4#.#.###.# #...#.#
#.#4#.###.# #####.#
########4.4.......
###.##########............#####


You could see a shadow demon and a hellwing.

Vanquished Creatures
  6 ancient liches
  8 orbs of fire
  Tiamat (Zot:2)
  Saint Roka (Vaults:2)
  18 storm dragons
  5 curse toes
  Margery (Vaults:2)
  Norris (Snake:4)
  Mara (Crypt:2)
  3 Killer Klowns (Zot:5)
  A player illusion (Crypt:2)
  12 golden dragons
  A profane servitor (Crypt:3)
  The ghost of hackum the Ninja, a great SpFi of Okawaru (Vaults:5)
  7 electric golems
  the Enchantress (Depths:3)
  A bone dragon (Crypt:3)
  A Hell Sentinel (Depths:5)
  Asterion (Snake:2)
  18 tentacled monstrosities
  4 titans (Vaults:5)
  25 Orb Guardians
  4 acid blobs (Zot:2)
  4 quicksilver dragons
  A kraken (Shoals:4)
  An Executioner (D:5)
  7 liches
  An octopode crusher (Depths:1)
  2 warmongers (D:12)
  5 sphinxes
  The ghost of BoredOne the Eclecticist, a mighty DECj of Sif Muna (Snake:5)
  7 ancient champions
  Kirke (Snake:5)
  14 shadow dragons
  An eldritch tentacle (Vaults:2)
  10 tengu reavers
  8 draconian monks
  An azure jelly (Depths:2)
  Ilsuiw (Shoals:5)
  17 fire giants
  13 greater nagas
  Donald (Snake:4)
  A revenant (Crypt:3)
  Wiglaf (Vaults:3)
  17 frost giants
  3 draconian scorchers
  A deep elf sorcerer (Vaults:2)
  An orc warlord (Orc:4)
  Aizul (Snake:2)
  11 vault wardens
  2 ghost moths
  2 iron dragons
  7 draconian zealots
  5 emperor scorpions
  6 draconian annihilators
  9 ghouls
  Jorgrun (Snake:4)
  4 draconian knights
  4 draconian shifters
  A reaper (D:12)
  5 spriggan defenders
  2 deep elf demonologists
  2 war gargoyles
  31 stone giants
  8 vampire knights
  7 very ugly things
  3 curse skulls
  2 deep elf annihilators
  3 draconian callers (Zot:2)
  A salamander firebrand (Depths:2)
  8 grey draconians
  6 green draconians
  8 mottled draconians
  6 black draconians
  13 white draconians
  10 pale draconians
  4 dire elephants
  6 purple draconians
  15 red draconians
  13 ettins
  17 yellow draconians
  An unborn (Crypt:3)
  A minotaur (Depths:1)
  Snorg (Snake:1)
  A spectral quicksilver dragon (Crypt:3)
  7 deep elf death magi
  2 eidola
  14 death cobs
  4 merfolk impalers
  17 fire dragons
  6 merfolk javelineers
  30 jiangshi
  A quicksilver dragon zombie (Crypt:3)
  23 yaktaur captains
  46 vault guards
  11 great orbs of eyes
  5 deep elf high priests
  A minotaur (shapeshifter) (Depths:4)
  15 ice dragons
  16 ironheart preservers
  9 rakshasas
  Harold (D:12)
  12 naga warriors
  A quicksilver dragon skeleton (Crypt:1)
  A monstrous demonspawn (D:15)
  2 ravenous item mimics
  A ghost crab (Crypt:3)
  4 merfolk aquamancers
  6 spriggan air magi
  16 ogre magi
  14 deep troll earth magi
  4 sirens
  An alligator snapping turtle (Shoals:3)
  4 hydras
  21 anacondas
  A dancing weapon (Vaults:5)
  2 death knights (Crypt:3)
  7 vampire magi
  32 death yaks
  3 satyrs (Shoals:5)
  10 tengu warriors
  The ghost of Bloax the Basher, a powerful VSBe of Trog (Orc:4)
  13 naga sharpshooters
  2 spriggan berserkers (Depths:4)
  8 shock serpents
  Urug (D:13)
  11 centaur warriors
  20 deep troll shamans
  6 orc high priests
  A sun demon (Zot:4)
  7 deep elf knights
  A soul eater (Depths:2)
  The ghost of hackum the Covert, an experienced HaFi of Okawaru (D:9)
  Nergalle (Lair:6)
  3 hell hogs (Depths:2)
  4 salamander mystics
  4 shadow wraiths
  12 hell knights
  4 catoblepae
  44 skeletal warriors
  4 large abominations
  3 ice devils
  3 giant orange brains
  2 death drakes (Zot:2)
  5 fire crabs
  3 infernal demonspawn
  9 iron trolls
  An unseen horror (shapeshifter) (Vaults:2)
  36 deep trolls
  8 deep elf summoners
  17 sea snakes
  20 ironbrand convokers
  A torturous demonspawn (D:6)
  A swamp dragon (Vaults:2)
  2 wizards
  An ice statue (IceCv)
  2 unseen horrors
  A lindwurm (Lair:6)
  9 necromancers
  10 naga ritualists
  6 flayed ghosts
  A tengu zombie (Depths:2)
  Pikel (D:7)
  14 hill giants
  24 harpies
  12 mana vipers
  2 stone giant zombies
  12 orc sorcerers
  49 ugly things
  15 deep elf conjurers
  A fire giant zombie (Vaults:4)
  16 phantasmal warriors
  24 orc knights
  20 salamanders
  2 oklob plants (Zot:2)
  4 wolf spiders
  A frost giant zombie (Depths:5)
  12 griffons
  6 cyclopes
  A human zombie (Vaults:4)
  4 manticores
  3 red wasps
  3 sixfirhies
  A faun (shapeshifter) (Depths:5)
  A spectral fire dragon (Crypt:3)
  An octopode (shapeshifter) (D:14)
  A water nymph (shapeshifter) (Vaults:5)
  5 mermaids
  10 elephants
  A shock serpent zombie (Crypt:1)
  2 fire giant skeletons
  Maurice (D:9)
  19 moths of wrath
  A stone giant skeleton (D:15)
  A guardian serpent (shapeshifter) (Vaults:3)
  An orange demon (D:13)
  5 guardian serpents
  30 black mambas
  13 vault sentinels
  A drowned soul (Shoals:2)
  37 naga magi
  8 spiny frogs
  An elephant slug zombie (Crypt:1)
  6 water nymphs
  2 smoke demons
  A queen ant (Lair:3)
  4 kobold demonologists
  3 torpor snails
  A gargoyle (D:14)
  A red draconian zombie (Zot:3)
  8 komodo dragons
  A centaur skeleton (D:12)
  3 iron devils
  A black draconian zombie (Zot:5)
  An emperor scorpion zombie (D:15)
  55 yaktaurs
  A pale draconian zombie (Crypt:2)
  4 blue devils
  2 red devils
  2 fire drakes
  13 trolls
  18 deep elf priests
  2 efreet (D:14)
  A demonic crawler (Elf:1)
  A hellwing (Depths:3)
  5 tengu conjurers
  2 hydra zombies (Crypt:2)
  27 two-headed ogres
  3 small abominations
  11 freezing wraiths
  A polar bear (shapeshifter) (Vaults:3)
  A mana viper skeleton (Crypt:2)
  4 blink frogs (shapeshifter)
  32 merfolk
  18 polar bears
  A spectral lindwurm (Crypt:3)
  Prince Ribbit (D:6)
  2 silent spectres (Crypt:1)
  6 wind drakes
  A merfolk (shapeshifter) (Depths:4)
  A raiju (shapeshifter) (Vaults:2)
  A shadow dragon simulacrum (Crypt:2)
  3 jumping spiders
  2 fire giant simulacra
  9 slime creatures
  13 ravens
  13 snapping turtles
  35 blink frogs
  12 shadows
  3 boulder beetles
  3 ynoxinuls
  A catoblepas skeleton (Crypt:1)
  A trapdoor spider (D:8)
  3 spriggans
  A trapdoor spider (shapeshifter) (Vaults:3)
  8 air elementals (Depths:3)
  A redback (shapeshifter) (Vaults:5)
  63 flying skulls
  3 ettin skeletons
  2 tarantellas (Elf:1)
  A shapeshifter (Vaults:2)
  An alligator skeleton (Crypt:2)
  64 yaks
  A griffon skeleton (D:14)
  2 neqoxecs
  18 redbacks
  16 deep elf magi
  2 hogs (shapeshifter) (Vaults:2)
  28 water elementals
  Eustachio (D:9)
  8 hungry ghosts
  13 wraiths
  30 wolves
  A steam dragon (D:12)
  4 vampires
  2 hogs (Snake:5)
  A chaos spawn (Orc:4)
  A harpy simulacrum (Depths:2)
  25 deep elf fighters
  10 hippogriffs
  3 elf skeletons
  17 vampire mosquitoes
  A soldier ant (shapeshifter) (Vaults:5)
  A golden eye (shapeshifter) (Depths:4)
  Edmund (D:6)
  26 water moccasins
  20 soldier ants (Lair:3)
  An ogre skeleton (D:13)
  A tengu skeleton (D:14)
  3 deep troll zombies (Depths:5)
  55 nagas
  14 wargs
  2 mottled dragons
  3 phantoms
  3 black bears
  A swamp drake (shapeshifter) (Depths:3)
  A black bear (shapeshifter) (Vaults:1)
  An ettin simulacrum (Vaults:4)
  A deep dwarf (shapeshifter) (Vaults:3)
  An ice dragon simulacrum (Crypt:2)
  3 sky beasts
  A swamp dragon zombie (Crypt:2)
  7 porcupines
  8 boggarts
  An ice beast (D:5)
  68 ogres
  73 orc warriors
  8 hell hounds (Depths:2)
  A manticore zombie (Crypt:2)
  15 crocodiles
  39 centaurs
  8 necrophages
  A swamp dragon skeleton (Crypt:2)
  4 yellow wasps
  Duvessa (D:6)
  A big kobold (shapeshifter) (Vaults:4)
  A yaktaur zombie (D:15)
  A draconian zombie (Crypt:1)
  14 giant frogs
  A cyclops zombie (D:15)
  A human skeleton (Vaults:1)
  7 big kobolds
  A brain worm (D:15)
  A salamander skeleton (Crypt:2)
  3 yaktaur skeletons
  An eye of draining (shapeshifter) (Vaults:5)
  4 eyes of draining
  2 boulder beetle zombies
  33 wights
  A spectral tengu (Crypt:2)
  An orc simulacrum (Vaults:1)
  A spectral naga (Crypt:3)
  6 electric eels
  4 bog bodies
  7 crimson imps
  Dowan (D:6)
  6 lava snakes
  2 giant frog zombies
  A goliath beetle (D:7)
  13 hounds
  22 killer bees
  35 orc priests
  A human simulacrum (Vaults:1)
  A centaur zombie (Ossuary)
  3 iron imps
  27 jellies
  2 quasits
  A jelly (shapeshifter) (Elf:1)
  A giant frog skeleton (D:6)
  26 worker ants
  6 orange rats
  13 sheep
  Natasha (thrice) (D:4)
  39 orc wizards
  A spriggan simulacrum (Crypt:1)
  4 iguanas
  A killer bee zombie (Crypt:1)
  A brain worm zombie (D:12)
  An elf simulacrum (Vaults:1)
  2 sky beast zombies
  An ogre zombie (Ossuary)
  A big kobold skeleton (Crypt:2)
  2 hound zombies
  13 mummies
  A steam dragon zombie (D:8)
  30 adders
  A gnoll (D:1)
  61 green rats
  2 shadow imps
  3 scorpion zombies (Ossuary)
  3 giant mites
  A goliath beetle zombie (D:6)
  4 ufetubi (Depths:4)
  8 worms
  A halfling zombie (Crypt:1)
  An iguana zombie (Crypt:1)
  A sheep skeleton (Crypt:2)
  An iguana skeleton (D:8)
  3 orc skeletons
  2 giant eyeballs (Depths:4)
  4 giant geckos
  2 oozes
  223 orcs
  3 ball pythons
  A bat skeleton (D:4)
  13 hobgoblins
  16 jackals
  30 kobolds
  17 quokkas
  A ball python zombie (Ossuary)
  12 bats
  5 giant cockroaches
  A giant gecko zombie (Ossuary)
  4 giant newts
  A giant newt zombie (Ossuary)
  2 giant spores
  32 goblins
  A goblin skeleton (D:4)
  3 goblin zombies
  A hobgoblin zombie (D:4)
  3 kobold zombies
  12 orc zombies
  17 rats
  A rat skeleton (Crypt:1)
  2 ballistomycetes (D:11)
  2 crawling corpses (Vaults:2)
  2 plants
  A tentacle (Shoals:4)
3377 creatures vanquished.

Vanquished Creatures (others)
  An Orb Guardian (Zot:5)
  A tengu reaver (Depths:1)
  2 anaconda zombies (Depths:2)
  6 drowned souls
  A smoke demon (Depths:3)
  A red draconian zombie (Zot:3)
  A moth of wrath zombie (Zot:4)
  2 humans (Snake:5)
  A deep elf fighter (Elf:2)
  2 water elementals
  A slave (D:7)
  A swamp drake (Zot:2)
  An ogre (Vaults:3)
  10 lost souls
  A centaur (D:7)
  Blork the orc (D:7)
  A killer bee (D:7)
  An orc wizard (Orc:4)
  A shadow imp (D:7)
  4 orcs
  A giant spore (D:6)
  A bush (Depths:2)
  62 eldritch tentacle segments (Vaults:2)
  4 fungi
  16 plants
  4 tentacles (Shoals:4)
  20 tentacle segments (Shoals:4)
148 creatures vanquished.

Grand Total: 3525 creatures vanquished

Notes
Turn   | Place    | Note
--------------------------------------------------------------
     0 | D:1      | Wintastic, the Minotaur Fighter, began the quest for the Orb.
     0 | D:1      | Reached XP level 1. HP: 19/19 MP: 1/1
   123 | D:1      | Reached XP level 2. HP: 15/26 MP: 1/1
   338 | D:1      | Reached skill level 4 in Maces & Flails
   406 | D:1      | Reached XP level 3. HP: 31/31 MP: 2/2
   879 | D:2      | Reached skill level 5 in Maces & Flails
   990 | D:2      | Reached XP level 4. HP: 35/39 MP: 2/2
  1163 | D:2      | Found a stormy altar of Qazlal.
  1165 | D:2      | Noticed an air elemental
  1166 | D:2      | Noticed a fire elemental
  1166 | D:2      | Noticed a water elemental
  1166 | D:2      | Noticed an earth elemental
  1463 | D:2      | Reached skill level 6 in Maces & Flails
  1944 | D:3      | Reached XP level 5. HP: 32/45 MP: 2/2
  2277 | D:3      | Noticed a giant frog
  2290 | D:3      | Killed a giant frog
  2290 | D:3      | Reached skill level 7 in Maces & Flails
  2990 | D:3      | Noticed an ogre
  3006 | D:3      | Killed an ogre
  3006 | D:3      | Reached skill level 8 in Maces & Flails
  3006 | D:3      | Reached XP level 6. HP: 48/51 MP: 3/3
  3223 | D:4      | Found a sand-covered staircase.
  3238 | Ossuary  | Entered an ossuary
  3243 | Ossuary  | Reached skill level 9 in Maces & Flails
  3324 | Ossuary  | Reached XP level 7. HP: 44/57 MP: 3/3
  3509 | Ossuary  | Reached skill level 10 in Maces & Flails
  4079 | D:4      | Noticed Natasha
  4087 | D:4      | Killed Natasha
  4161 | D:4      | Noticed Natasha
  4167 | D:4      | Killed Natasha
  4211 | D:4      | Noticed Natasha
  4219 | D:4      | Killed Natasha
  4603 | D:4      | Reached skill level 11 in Maces & Flails
  4609 | D:4      | Reached XP level 8. HP: 64/64 MP: 3/3
  4880 | D:4      | Found a snail-covered altar of Cheibriados.
  4915 | D:5      | Entered Level 5 of the Dungeon
  5068 | D:5      | Reached skill level 12 in Maces & Flails
  5601 | D:6      | Noticed Edmund
  5626 | D:6      | Killed Edmund
  5733 | D:6      | Noticed Prince Ribbit
  5741 | D:6      | Killed Prince Ribbit
  5741 | D:6      | Reached skill level 13 in Maces & Flails
  5800 | D:6      | Found a glowing drain.
  5814 | Sewer    | Entered a sewer
  5935 | Sewer    | Found a white marble altar of Elyvilon.
  6205 | D:6      | Noticed Duvessa
  6214 | D:6      | Noticed Dowan
  6220 | D:6      | Killed Duvessa
  6220 | D:6      | Reached XP level 9. HP: 70/70 MP: 4/4
  6231 | D:6      | Killed Dowan
  6285 | D:6      | Reached skill level 14 in Maces & Flails
  6559 | D:6      | Found a staircase to the Ecumenical Temple.
  6564 | Temple   | Entered the Ecumenical Temple
  6586 | Temple   | Became a worshipper of Warmaster Okawaru
  6688 | D:6      | Found a sparkling altar of Nemelex Xobeh.
  7246 | D:6      | Reached skill level 5 in Fighting
  7246 | D:6      | Reached skill level 5 in Armour
  7431 | D:7      | Noticed Pikel
  7439 | D:7      | Killed Pikel
  7439 | D:7      | Acquired Okawaru's first power
  7440 | D:7      | Noticed Blork the orc
  7447 | D:7      | Killed Blork the orc
  7919 | D:7      | Found a shimmering altar of Xom.
  7920 | D:7      | Found a shimmering altar of Xom.
  8322 | D:7      | Reached skill level 1 in Invocations
  8403 | D:8      | Got a pitted leather armour
  8538 | D:8      | Found a staircase to the Lair.
  8544 | D:8      | Reached XP level 10. HP: 68/86 MP: 7/7
  8785 | D:8      | Identified the cursed +0 leather armour of Objectivity {Str+5 Int+1} (You found it on level 8 of the Dungeon)
  9269 | D:8      | Gained mutation: Your magical capacity is low (-10% MP). [potion of mutation]
  9269 | D:8      | Gained mutation: Potions and wands are less effective at restoring your health. [potion of mutation]
  9269 | D:8      | Gained mutation: Your spells are a little harder to cast, but a little more powerful. [potion of mutation]
  9270 | D:8      | Lost mutation: Your magical capacity is low (-10% MP). [potion of cure mutation]
  9270 | D:8      | Lost mutation: Potions and wands are less effective at restoring your health. [potion of cure mutation]
  9612 | Lair:1   | Entered Level 1 of the Lair of Beasts
  9631 | Lair:1   | Noticed a four-headed hydra
  9640 | Lair:1   | Killed a four-headed hydra
  9697 | Lair:1   | Reached skill level 10 in Fighting
  9697 | Lair:1   | Reached skill level 10 in Armour
  9766 | Lair:1   | Noticed a death yak
  9777 | Lair:1   | Killed a death yak
  9777 | Lair:1   | Reached XP level 11. HP: 67/101 MP: 7/7
 11205 | Lair:2   | Acquired Okawaru's second power
 11800 | Lair:3   | Reached skill level 5 in Invocations
 12187 | Lair:3   | Found a staircase to the Shoals.
 12443 | Lair:3   | Received a gift from Okawaru
 12445 | Lair:3   | Reached XP level 12. HP: 103/112 MP: 14/19
 12510 | Lair:3   | Got a smoking great mace {god gift}
 12511 | Lair:3   | Identified the +7 great mace of Autumn {flame, rF++} (Okawaru gifted it to you on level 3 of the Lair of Beasts)
 12565 | Lair:3   | Reached skill level 15 in Maces & Flails
 13508 | Shoals:1 | Entered Level 1 of the Shoals
 13675 | Lair:4   | Received a gift from Okawaru
 14097 | Lair:4   | Got a tattered robe
 14215 | Lair:4   | Reached skill level 16 in Maces & Flails
 15138 | Lair:5   | Noticed a naga warrior
 15140 | Lair:5   | Found a staircase to the Snake Pit.
 15156 | Lair:5   | Killed a naga warrior
 15380 | Lair:5   | Received a gift from Okawaru
 15412 | Lair:5   | Reached skill level 17 in Maces & Flails
 16178 | Lair:6   | Found a glowing golden altar of the Shining One.
 16459 | Lair:6   | Found a viscous altar of Jiyva.
 16460 | Lair:6   | Found a staircase to the Slime Pits.
 16479 | Lair:6   | Noticed Nergalle
 16486 | Lair:6   | Killed Nergalle
 16948 | Lair:7   | Noticed a six-headed hydra
 16978 | Lair:6   | Killed a six-headed hydra
 17170 | Lair:7   | Reached XP level 13. HP: 112/117 MP: 17/20
 17210 | Lair:7   | Reached skill level 18 in Maces & Flails
 17508 | Lair:7   | Reached skill level 19 in Maces & Flails
 17943 | Lair:7   | Received a gift from Okawaru
 18621 | Lair:8   | Entered Level 8 of the Lair of Beasts
 18950 | Lair:8   | Reached skill level 20 in Maces & Flails
 19552 | Lair:8   | Noticed a dire elephant
 19561 | Lair:8   | Killed a dire elephant
 19561 | Lair:8   | Reached XP level 14. HP: 110/125 MP: 18/20
 19583 | Lair:8   | Got a fine troll leather armour
 19594 | Lair:8   | Identified the cursed +1 troll leather armour "Leceut" {Str+4 Int+3} (You found it on level 8 of the Lair of Beasts)
 19639 | Lair:8   | Reached skill level 21 in Maces & Flails
 20078 | D:9      | Noticed hackum's ghost (experienced HaFi)
 20089 | D:9      | Killed hackum's ghost
 20161 | D:9      | Noticed Eustachio
 20168 | D:9      | Killed Eustachio
 20280 | D:9      | Noticed Maurice
 20287 | D:9      | Killed Maurice
 20726 | D:9      | Found a staircase to the Orcish Mines.
 20950 | Orc:1    | Entered Level 1 of the Orcish Mines
 20973 | Orc:1    | Received a gift from Okawaru
 21397 | Orc:2    | Found Amofa's Armour Emporium.
 21455 | Orc:2    | Found a frozen archway.
 21486 | IceCv    | Entered an ice cave
 22183 | IceCv    | Noticed a frost giant
 22194 | IceCv    | Killed a frost giant
 23470 | Orc:3    | Found a staircase to the Elven Halls.
 23600 | Orc:4    | Entered Level 4 of the Orcish Mines
 23827 | Orc:4    | Found a roughly hewn altar of Beogh.
 23827 | Orc:4    | Noticed Bloax's ghost (powerful VSBe)
 23835 | Orc:4    | Killed Bloax's ghost
 23918 | Orc:4    | Found Ewke Cul's Book Shoppe.
 23987 | Orc:4    | Paralysed by an orc sorcerer for 3 turns
 24188 | Orc:4    | Noticed an orc warlord
 24201 | Orc:4    | Killed an orc warlord
 24439 | Orc:4    | Found Clyneig's Antique Weapon Shoppe.
 24477 | Orc:4    | Found Sighaw's Antique Armour Shop.
 24619 | Orc:4    | Bought a runed plate armour for 575 gold pieces
 24619 | Orc:4    | Bought an embroidered hat for 100 gold pieces
 24619 | Orc:4    | Bought a pair of shimmering boots for 237 gold pieces
 24650 | Orc:4    | Identified the +4 pair of boots of Fedhas' Favour {rElec rC+ Str+4 Curse} (You bought it in a shop on level 4 of the Orcish Mines)
 24675 | Orc:4    | Received a gift from Okawaru
 24817 | Orc:4    | Found Estrag's General Store.
 24843 | Orc:4    | Bought a scroll of identify for 22 gold pieces
 24843 | Orc:4    | Bought a scroll of fog for 22 gold pieces
 24985 | Orc:4    | Reached XP level 15. HP: 85/139 MP: 14/21
 25710 | Orc:4    | Found a roughly hewn altar of Beogh.
 26140 | D:10     | Entered Level 10 of the Dungeon
 26196 | D:10     | Reached skill level 15 in Fighting
 26262 | D:10     | Reached skill level 15 in Armour
 27911 | D:12     | Noticed Harold
 27922 | D:12     | Killed Harold
 28541 | D:13     | Noticed Urug
 28551 | D:13     | Killed Urug
 29344 | D:14     | Received a gift from Okawaru
 29345 | D:14     | Got a fine hunting sling {god gift}
 29361 | D:14     | Identified the +9 hunting sling "Vesett" {velocity, +Blink rF- rC+ SInv Stlth+} (Okawaru gifted it to you on level 14 of the Dungeon)
 30061 | D:14     | Found a gate to the Vaults.
 30241 | D:14     | Got an iridescent short sword
 30395 | D:15     | Entered Level 15 of the Dungeon
 30502 | D:15     | Found a staircase to the Depths.
 30512 | D:15     | Reached XP level 16. HP: 102/154 MP: 17/22
 30525 | D:15     | Received a gift from Okawaru
 31271 | D:15     | Found a blossoming altar of Fedhas.
 31810 | D:15     | Identified a scroll of acquirement
 31829 | D:15     | Got a pair of twisted boots
 31840 | D:15     | Identified the -5 pair of boots of the Comet {rC++} (You acquired it on level 15 of the Dungeon)
 32225 | Snake:1  | Entered Level 1 of the Snake Pit
 32430 | Snake:1  | Noticed Snorg
 32439 | Snake:1  | Killed Snorg
 33438 | Snake:2  | Noticed Asterion
 33450 | Snake:2  | Killed Asterion
 33451 | Snake:2  | Found a bloodstained altar of Trog.
 33474 | Snake:2  | Received a gift from Okawaru
 33571 | Snake:2  | Noticed Aizul
 33598 | Snake:2  | Killed Aizul
 35233 | Snake:4  | Noticed Norris
 35592 | Snake:4  | Reached XP level 17. HP: 162/168 MP: 22/22
 35636 | Snake:4  | Noticed Donald
 35655 | Snake:4  | Killed Donald
 35655 | Snake:4  | Received a gift from Okawaru
 35824 | Snake:4  | Noticed Jorgrun
 35835 | Snake:4  | Killed Jorgrun
 36128 | Snake:4  | Killed Norris
 36350 | Snake:5  | Entered Level 5 of the Snake Pit
 36364 | Snake:5  | Noticed Kirke
 36377 | Snake:5  | Killed Kirke
 36472 | Snake:5  | Received a gift from Okawaru
 36825 | Snake:5  | Received a gift from Okawaru
 36829 | Snake:5  | Noticed BoredOne's ghost (mighty DECj)
 37361 | Snake:5  | Killed BoredOne's ghost
 37791 | Snake:5  | Reached skill level 1 in Dodging
 38025 | Snake:5  | Found Niynuuny's Antique Weapon Boutique.
 38604 | Snake:5  | Reached skill level 5 in Dodging
 38609 | Snake:5  | Received a gift from Okawaru
 38617 | Snake:5  | Got a pair of distressingly furry boots {god gift}
 38867 | Snake:5  | Reached XP level 18. HP: 140/178 MP: 23/23
 40481 | Snake:5  | Got a serpentine rune of Zot
 41034 | Elf:1    | Entered Level 1 of the Elven Halls
 41247 | Elf:1    | Found Aremaj's Distillery.
 41267 | Elf:1    | Bought a potion of lignification for 22 gold pieces
 41311 | Elf:1    | Bought a potion of haste for 77 gold pieces
 41311 | Elf:1    | Bought a potion of heal wounds for 33 gold pieces
 41946 | Elf:1    | Found a portal to a secret trove of treasure.
 42311 | Elf:2    | Found Ghoasapha's Weapon Emporium.
 42345 | Elf:2    | Received a gift from Okawaru
 42619 | Elf:2    | Identified the +0 pair of boots of the Soldier {Str+1 Dex-2} (Okawaru gifted it to you on level 5 of the Snake Pit)
 42929 | Elf:2    | Upgraded the game from 0.15-b1-114-gc91a0a7 to 0.15-b1-119-g7994516
 43464 | Shoals:1 | Got an ichor-stained spear
 43568 | Shoals:1 | Found Adodoust's Distillery.
 43601 | Shoals:1 | Bought a potion of agility for 40 gold pieces
 43601 | Shoals:1 | Bought 2 potions of heal wounds for 96 gold pieces
 43729 | Shoals:1 | Found Kusaal's Antique Armour Shop.
 43740 | Shoals:1 | Bought a pair of runed gloves for 90 gold pieces
 43740 | Shoals:1 | Bought a runed gold dragon armour for 1600 gold pieces
 43822 | Shoals:1 | Found an iron altar of Okawaru.
 43878 | Shoals:1 | Bought a faintly humming plate armour for 560 gold pieces
 43894 | Shoals:1 | Identified the +1 plate armour "Kuhuf" {Slay+4} (You bought it in a shop on level 1 of the Shoals)
 45339 | Shoals:3 | Got an ancient steel amulet
 45459 | Shoals:3 | Identified the amulet "Deeggen" {Spirit Str+3} (You acquired it on level 3 of the Shoals)
 46343 | Shoals:4 | Reached XP level 19. HP: 174/190 MP: 22/24
 46554 | Shoals:4 | Found Klesamoa's Armour Emporium.
 46566 | Shoals:4 | Bought a +1 cloak of darkness for 297 gold pieces
 46739 | Shoals:4 | Received a gift from Okawaru
 46742 | Shoals:4 | Got a brightly glowing great mace {god gift}
 46743 | Shoals:4 | Identified the +4 great mace "Nopnem" {freeze, +Inv +Fly rElec rF- Dex+2 Int+2} (Okawaru gifted it to you on level 4 of the Shoals)
 46928 | Shoals:5 | Entered Level 5 of the Shoals
 47330 | Shoals:5 | Noticed Ilsuiw
 49021 | Shoals:5 | Killed Ilsuiw
 49204 | Shoals:5 | Reached skill level 22 in Fighting
 49577 | Shoals:5 | Got a barnacled rune of Zot
 50050 | Vaults:1 | Entered Level 1 of the Vaults
 50159 | Vaults:1 | Gained mutation: You are partially covered in icy blue scales (AC +1). [potion of beneficial mutation]
 50201 | Vaults:1 | Found Hesicups' Assorted Antiques.
 50253 | Vaults:1 | Bought a scroll labeled SAISHA TICI for 31 gold pieces
 50420 | Vaults:1 | Received a gift from Okawaru
 50431 | Vaults:1 | Got a smoking quarterstaff {god gift}
 51136 | Vaults:1 | Reached skill level 10 in Dodging
 52086 | Vaults:2 | Received a gift from Okawaru
 52490 | Vaults:2 | Noticed Saint Roka
 52513 | Vaults:2 | Killed Saint Roka
 52537 | Vaults:2 | Reached XP level 20. HP: 102/200 MP: 17/24
 52895 | Vaults:2 | Paralysed by an orc sorcerer for 4 turns
 52905 | Vaults:2 | Paralysed by an orc sorcerer for 7 turns
 53299 | Vaults:2 | Found a staircase to the Crypt.
 53670 | Vaults:2 | Reached skill level 15 in Dodging
 53977 | Vaults:2 | Noticed Margery
 54687 | Vaults:2 | Identified the +8 quarterstaff "Pruag" {venom, rC+ Stlth++} (Okawaru gifted it to you on level 1 of the Vaults)
 54838 | Vaults:2 | Noticed a golden dragon
 54845 | Vaults:2 | Killed a golden dragon
 54845 | Vaults:2 | Received a gift from Okawaru
 55209 | Vaults:2 | Got a polished leather armour {god gift}
 55237 | Vaults:2 | Killed Margery
 55581 | Vaults:3 | Found Schoc's Magic Scroll Boutique.
 55590 | Vaults:3 | Bought a scroll of teleportation for 66 gold pieces
 55590 | Vaults:3 | Bought a scroll of blinking for 165 gold pieces
 55830 | Vaults:3 | Reached XP level 21. HP: 145/207 MP: 19/25
 56271 | Vaults:3 | Noticed Wiglaf
 56281 | Vaults:3 | Killed Wiglaf
 56510 | Vaults:3 | Paralysed by a great orb of eyes for 7 turns
 57482 | Vaults:4 | Found Wirur's Book Shoppe.
 58009 | Vaults:4 | Received a gift from Okawaru
 59563 | Crypt:1  | Entered Level 1 of the Crypt
 60129 | Crypt:1  | Received a gift from Okawaru
 60132 | Crypt:1  | Got a distressingly furry cloak {god gift}
 60143 | Crypt:1  | Identified the +1 cloak "Riuzag" {Str+2 Dex-3} (Okawaru gifted it to you on level 1 of the Crypt)
 61264 | Crypt:2  | Noticed Mara
 61271 | Crypt:2  | Noticed Wintastic's illusion
 61725 | Crypt:2  | Noticed Wintastic's illusion
 61766 | Crypt:2  | Killed Wintastic's illusion
 61772 | Crypt:2  | Noticed Wintastic's illusion
 61774 | Crypt:2  | Killed Mara
 61774 | Crypt:2  | Reached XP level 22. HP: 159/215 MP: 21/26
 62449 | Crypt:3  | Entered Level 3 of the Crypt
 62563 | Crypt:3  | Found a basalt altar of Yredelemnul.
 63014 | Crypt:3  | Reached skill level 1 in Evocations
 63489 | Crypt:3  | Received a gift from Okawaru
 63535 | Crypt:3  | Reached skill level 5 in Evocations
 63695 | Crypt:3  | Found a staircase to the Tomb.
 64895 | Crypt:3  | Received a gift from Okawaru
 64930 | Crypt:3  | Got a crude scimitar
 65111 | Crypt:3  | Got an ichor-stained hand crossbow
 65196 | Tomb:1   | Entered Level 1 of the Tomb of the Ancients
 65251 | Crypt:3  | Reached skill level 10 in Evocations
 65947 | Depths:1 | Entered Level 1 of the Depths
 66297 | Depths:1 | Found a corrupted altar of Lugonu.
 66304 | Depths:1 | Found a gateway to Hell.
 66854 | Depths:1 | Reached XP level 23. HP: 156/213 MP: 24/31
 67812 | Depths:1 | Found a one-way gate to the infinite horrors of the Abyss.
 67815 | Depths:1 | Found Jeiposul's Armour Boutique.
 67821 | Depths:1 | Received a gift from Okawaru
 68313 | Depths:2 | Received a gift from Okawaru
 69954 | Depths:3 | Reached skill level 15 in Evocations
 69972 | Depths:3 | Received a gift from Okawaru
 70017 | Depths:3 | Got a polished crystal plate armour {god gift}
 70444 | Depths:3 | Identified the +1 crystal plate armour of the Blessed Realm {Dex-3 Int+3} (Okawaru gifted it to you on level 3 of the Depths)
 70653 | Depths:3 | Noticed the Enchantress
 71273 | Depths:3 | Found Qitziyh's Distillery.
 71281 | Depths:3 | Bought a potion of haste for 119 gold pieces
 71759 | Depths:3 | Killed the Enchantress
 71830 | Depths:3 | Got a faerie dragon armour
 71935 | Depths:3 | Found a one-way gate leading to the halls of Pandemonium.
 72042 | Depths:3 | Reached XP level 24. HP: 215/221 MP: 35/36
 72194 | Depths:4 | Paralysed by a giant eyeball for 4 turns
 72210 | Depths:4 | Found Muc Suy's Armour Shop.
 72474 | Depths:4 | Got a warped platinum ring
 72579 | Depths:4 | Received a gift from Okawaru
 72809 | Depths:4 | Got an ancient ring mail {god gift}
 73210 | Depths:4 | Identified the ring of Lakhezxe {Str-3 Dex+2} (You took it off an orc wizard on level 4 of the Depths)
 73242 | Depths:4 | Paralysed by a giant eyeball for 2 turns
 73416 | Depths:4 | Got a transparent marble ring
 73418 | Depths:4 | Identified the ring "Batorub" {rC+ SInv} (You found it on level 4 of the Depths)
 73468 | Depths:4 | Found a gateway to a ziggurat.
 73732 | Depths:4 | Got a glittering turquoise ring
 74287 | Depths:4 | Identified the ring of Araygg {EV+3 Dex+1 Int+3} (You took it off a vampire mage on level 4 of the Depths)
 74298 | Depths:4 | Found Skacuudgh's Armour Boutique.
 74617 | Depths:4 | Found Braim's Magic Scroll Boutique.
 74622 | Depths:4 | Bought a scroll of blinking for 97 gold pieces
 74622 | Depths:4 | Bought a scroll of magic mapping for 45 gold pieces
 75006 | Depths:2 | Received a gift from Okawaru
 75645 | Depths:2 | Got an encrusted cutlass
 75701 | Depths:5 | Entered Level 5 of the Depths
 76313 | Depths:5 | Reached XP level 25. HP: 211/238 MP: 37/39
 76965 | Depths:5 | Received a gift from Okawaru
 77110 | Depths:5 | Got a fine ring mail {god gift}
 77172 | Depths:5 | Found a gate to the Realm of Zot.
 77815 | Vaults:5 | Entered Level 5 of the Vaults
 78149 | Vaults:4 | Reached skill level 1 in Stealth
 78508 | Vaults:5 | Reached skill level 5 in Stealth
 78530 | Vaults:5 | Reached skill level 1 in Throwing
 78560 | Vaults:5 | Noticed hackum's ghost (great SpFi)
 78828 | Vaults:4 | Reached skill level 5 in Throwing
 79113 | Vaults:5 | Killed hackum's ghost
 79121 | Vaults:4 | Received a gift from Okawaru
 79552 | Vaults:5 | Found Juoll's Food Emporium.
 79552 | Vaults:5 | Noticed an ancient lich
 79558 | Vaults:5 | Killed an ancient lich
 79558 | Vaults:5 | Reached skill level 23 in Fighting
 79654 | Vaults:5 | Found Momuti's Jewellery Shoppe.
 79674 | Vaults:5 | Received a gift from Okawaru
 79674 | Vaults:5 | Reached XP level 26. HP: 139/251 MP: 24/40
 80183 | Vaults:5 | Got a silver rune of Zot
 80311 | Vaults:5 | Found Praam's Jewellery Emporium.
 80311 | Vaults:5 | Noticed an ancient lich
 80325 | Vaults:5 | Killed an ancient lich
 80325 | Vaults:5 | Reached skill level 24 in Fighting
 80469 | Vaults:5 | Found Owerul's Jewellery Shop.
 80522 | Vaults:5 | Found Kameisuk's Distillery.
 80527 | Vaults:5 | Bought a potion of heal wounds for 63 gold pieces
 80527 | Vaults:5 | Bought a potion of haste for 147 gold pieces
 80527 | Vaults:5 | Bought a potion of heal wounds for 63 gold pieces
 80549 | Vaults:5 | Found Ploatup's Magic Scroll Shoppe.
 80567 | Vaults:5 | Bought a scroll of blinking for 120 gold pieces
 80567 | Vaults:5 | Bought a scroll of identify for 32 gold pieces
 80567 | Vaults:5 | Bought a scroll of identify for 32 gold pieces
 80567 | Vaults:5 | Bought a scroll of enchant armour for 120 gold pieces
 80628 | Vaults:5 | Found Criax's Book Boutique.
 80679 | Vaults:5 | Found Raokybyll's Distillery.
 81049 | Vaults:5 | Bought a potion of heal wounds for 57 gold pieces
 81049 | Vaults:5 | Bought a potion of beneficial mutation for 665 gold pieces
 81050 | Vaults:5 | Gained mutation: You passively map a small area around you. [potion of beneficial mutation]
 81473 | Vaults:5 | Reached skill level 25 in Fighting
 81481 | Vaults:5 | Gained mutation: Your mind is acute. (Int +2) [potion of beneficial mutation]
 81681 | Vaults:5 | Bought the ring "Vebouf" {rF++ MR+} for 841 gold pieces
 81681 | Vaults:5 | Bought the ring of Shadows {Umbra +Inv rN+ SInv} for 771 gold pieces
 82251 | Elf:1    | You paid a toll of 6 scrolls of blinking to enter a treasure trove
 82252 | Trove    | Entered a treasure trove
 82335 | Trove    | Identified the Incunabulum of Evil Arts (You found it in a treasure trove)
 82349 | Trove    | Identified Sif Muna's Catalogue of Confrontation (You found it in a treasure trove)
 82361 | Trove    | Identified a +5 rod of striking (11/11) (You found it in a treasure trove)
 82373 | Elf:1    | Identified a +3 rod of destruction (12/12) (You found it in a treasure trove)
 82374 | Elf:1    | Identified a +4 rod of shadows (9/9) (You found it in a treasure trove)
 82376 | Elf:1    | Identified a +7 rod of ignition (13/13) (You found it in a treasure trove)
 83534 | Depths:4 | Bought a scroll of brand weapon for 260 gold pieces
 83627 | Zot:1    | Entered Level 1 of the Realm of Zot
 83960 | Zot:1    | Noticed an orb of fire
 84010 | Zot:1    | Gained mutation: You tend to lose your temper in combat. [an orb of fire]
 84020 | Zot:1    | Killed an orb of fire
 84287 | Zot:1    | Received a gift from Okawaru
 84288 | Zot:1    | Got a crystal arbalest {god gift}
 84313 | Zot:1    | Reached skill level 26 in Fighting
 85092 | Lair:1   | Identified the +0 arbalest of Pyromania {penet, rF+ MR+} (Okawaru gifted it to you on level 1 of the Realm of Zot)
 85688 | Zot:2    | Noticed an orb of fire
 85700 | Zot:2    | Killed an orb of fire
 85825 | Zot:2    | Lost mutation: Your spells are a little harder to cast, but a little more powerful. [potion of cure mutation]
 85825 | Zot:2    | Lost mutation: You passively map a small area around you. [potion of cure mutation]
 85825 | Zot:2    | Lost mutation: Your mind is acute. (Int +2) [potion of cure mutation]
 85825 | Zot:2    | Lost mutation: You are partially covered in icy blue scales (AC +1). [potion of cure mutation]
 85855 | Zot:2    | Reached skill level 27 in Fighting
 86254 | Zot:2    | Reached XP level 27. HP: 272/272 MP: 32/41
 87032 | Zot:2    | Noticed Tiamat
 87070 | Zot:2    | Killed Tiamat
 87070 | Zot:2    | Received a gift from Okawaru
 87104 | Zot:2    | Reached skill level 10 in Invocations
 87330 | Zot:2    | Got a sapphire-encrusted scale mail
 87695 | Zot:3    | Received a gift from Okawaru
 87951 | Zot:3    | Reached skill level 10 in Stealth
 88079 | Zot:3    | Received a gift from Okawaru
 90391 | Zot:4    | Received a gift from Okawaru
 90786 | Zot:5    | Entered Level 5 of the Realm of Zot
 91091 | Zot:5    | Received a gift from Okawaru
 91243 | Zot:5    | Reached skill level 15 in Stealth
 91249 | Zot:5    | Received a gift from Okawaru
 91992 | Zot:5    | Noticed an orb of fire
 92015 | Zot:5    | Killed an orb of fire
 92038 | Zot:5    | Noticed an orb of fire
 92066 | Zot:5    | Killed an orb of fire
 92232 | Zot:5    | Noticed an ancient lich
 92242 | Zot:5    | Killed an ancient lich
 92314 | Zot:5    | Noticed an ancient lich
 92341 | Zot:5    | Killed an ancient lich
 92557 | Zot:5    | Noticed an orb of fire
 92579 | Zot:5    | Killed an orb of fire
 92644 | Zot:5    | Noticed an orb of fire
 92652 | Zot:5    | Gained mutation: Your magical capacity is low (-10% MP). [an orb of fire]
 92661 | Zot:5    | Killed an orb of fire
 93505 | Zot:5    | Noticed an ancient lich
 93941 | Zot:5    | Killed an ancient lich
 94136 | Zot:5    | Noticed an ancient lich
 94159 | Zot:5    | Killed an ancient lich
 94188 | Zot:5    | Noticed an orb of fire
 94213 | Zot:5    | Killed an orb of fire
 94335 | Zot:5    | Received a gift from Okawaru
 94568 | Zot:5    | Received a gift from Okawaru
 94628 | Zot:5    | Got an ichor-stained dire flail {god gift}
 95042 | Zot:5    | Noticed an orb of fire
 95053 | Zot:5    | Killed an orb of fire
 96213 | Zot:5    | Got the Orb of Zot
 96935 | D:12     | Noticed an ancient lich
 96936 | D:12     | Noticed Kois the pandemonium lord
 97261 | D:6      | Noticed Eqaodiask the pandemonium lord
 97425 | D:5      | Noticed Ytagerr the pandemonium lord
 97588 | D:$      | Escaped with the Orb!

Action                   |  1- 3 |  4- 6 |  7- 9 | 10-12 | 13-15 | 16-18 | 19-21 | 22-24 | 25-27 || total
-------------------------+-------+-------+-------+-------+-------+-------+-------+-------+-------++-------
Melee: Flail             |    84 |   134 |   283 |       |       |       |       |       |       ||   501
       Dagger            |       |    90 |       |       |       |       |       |       |       ||    90
       Dire flail        |       |       |   201 |   454 |       |       |       |       |       ||   655
       Great mace        |       |       |       |   191 |  1372 |  1370 |  1691 |  1679 |  2138 ||  8441
       Rod               |       |       |       |       |       |       |       |       |     5 ||     5
Invok: Heroism           |       |       |     1 |    15 |    26 |    26 |    24 |     6 |    17 ||   115
       Finesse           |       |       |       |     2 |     1 |       |       |     1 |     3 ||     7
Evoke: Wand              |       |       |     1 |     6 |     6 |     5 |     6 |     3 |     1 ||    28
       Rod               |       |       |       |       |       |       |       |       |     2 ||     2
  Use: Scroll            |       |     6 |    14 |    10 |    10 |    16 |    10 |    14 |    13 ||    93
       Potion            |       |       |     3 |     2 |     2 |    13 |     9 |     2 |    19 ||    50
 Stab: Fleeing           |       |       |       |       |     1 |       |       |       |       ||     1
       Distracted        |       |       |       |       |       |       |       |     1 |       ||     1
       Petrified         |       |       |       |       |       |       |       |     2 |       ||     2
  Eat: Chunk             |       |     8 |    12 |    23 |    31 |    14 |    13 |     7 |    20 ||   128
       Meat ration       |       |       |     1 |       |       |     5 |     7 |     7 |     3 ||    23
       Fruit             |       |       |       |     6 |     4 |     3 |       |       |       ||    13
       Bread ration      |       |       |       |       |     2 |       |       |     1 |     9 ||    12
       Pizza             |       |       |       |       |     6 |       |       |       |     1 ||     7
       Beef jerky        |       |       |       |       |       |     3 |     2 |     1 |     1 ||     7
       Royal jelly       |       |       |       |       |       |     1 |       |       |       ||     1
